PCL
MEMPHIS REDBIRDS @ FRESNO GRIZZLIES
08/04/2098
 
TOP OF THE 1ST
Memphis Redbirds batting - Pitching for Fresno Grizzlies : RHP Kyle Benites
Pitching: RHP Kyle Benites
Batting: LHB Jimmy Goldberg 0-0: Ball
1-0: Called Strike
1-1: SINGLE (Line Drive, 56, EV 110.0 MPH)
Batting: LHB Jonathan Steben 0-0: Called Strike
0-1: Ball
1-1: Ball
2-1: Called Strike
2-2: Grounds into double play, 4-6-3 (Groundball, 4, EV 86.3 MPH)
Batting: RHB Danny Gonzalez 0-0: Ball
1-0: SINGLE (Groundball, 4MD, EV 103.8 MPH)
Batting: LHB Willie Martinez 0-0: Swinging Strike
0-1: 2-RUN HOME RUN (Flyball, 9D, EV 98.8 MPH), Distance : 381 ft
Batting: RHB Chris Benson 0-0: Called Strike
0-1: Foul Ball, location: 9LMF
0-2: SOLO HOME RUN (Flyball, 7D, EV 98.1 MPH), Distance : 366 ft
Batting: RHB Nate Argo 0-0: Called Strike
0-1: Foul Ball, location: 25F
0-2: Ball
1-2: Ball
2-2: Ball
3-2: SINGLE (Groundball, 6MD, EV 105.6 MPH)
Batting: LHB Alex Santiago 0-0: Ball
1-0: Ball
2-0: Called Strike
2-1: Swinging Strike
2-2: Strikes out swinging
Top of the 1st over - 3 runs, 5 hits, 0 errors, 1 left on base; Memphis 3 - Fresno 0
BOTTOM OF THE 1ST
Fresno Grizzlies batting - Pitching for Memphis Redbirds : RHP Hector Gordillo
Pitching: RHP Hector Gordillo
Batting: RHB Dan Shannon 0-0: Ball
1-0: Called Strike
1-1: SINGLE (Groundball, 6MD, EV 97.5 MPH)
Batting: RHB Del Bannerman 0-0: Ball
1-0: Ball
Dan Shannon steals 2nd base
2-0: Fly out, F7 (Line Drive, 7S, EV 90.6 MPH)
Batting: LHB Mike Palmer 0-0: Foul Ball, location: 9LSF
0-1: Swinging Strike
0-2: SINGLE (Flyball, 8LS, EV 94.4 MPH)
Dan Shannon to third
Runner from 3rd tries for Home, SAFE, throw by CF to home
Batting: RHB Tony Tenesaca 0-0: Called Strike
0-1: Ball
1-1: Ball
Passed Ball!
Mike Palmer to second
2-1: Swinging Strike
2-2: Ground out 4-3 (Groundball, 4, EV 108.8 MPH)
Mike Palmer to third
Batting: LHB Dan Brockman 0-0: Called Strike
0-1: Ball
1-1: Ball
2-1: Foul Ball, location: 7LSF
2-2: Ball
3-2: Base on Balls
Batting: RHB Justin Haug 0-0: Called Strike
0-1: Fly out, F7 (Line Drive, 7S, EV 91.3 MPH)
Bottom of the 1st over - 1 run, 2 hits, 0 errors, 2 left on base; Memphis 3 - Fresno 1
TOP OF THE 2ND
Memphis Redbirds batting - Pitching for Fresno Grizzlies : RHP Kyle Benites
Batting: RHB Jose Santiago 0-0: Ground out U3 (Groundball, 3, EV 93.8 MPH)
Batting: LHB David Cessor 0-0: Called Strike
0-1: Fly out, F8 (Flyball, 8RM, EV 91.9 MPH)
Batting: LHB Jimmy Goldberg 0-0: Called Strike
0-1: Ground out 4-3 (Groundball, 4, EV 85.0 MPH)
Top of the 2nd over - 0 runs, 0 hits, 0 errors, 0 left on base; Memphis 3 - Fresno 1
BOTTOM OF THE 2ND
Fresno Grizzlies batting - Pitching for Memphis Redbirds : RHP Hector Gordillo
Batting: SHB Jason Pierce 0-0: Called Strike
0-1: Ball
1-1: Ball
2-1: Ground out 1-3 (Groundball, 34S, EV 74.4 MPH)
Batting: RHB Chase Bavaro 0-0: Swinging Strike
0-1: Called Strike
0-2: Ball
1-2: Ball
2-2: Ball
3-2: Base on Balls
Batting: RHB Michael Harrison 0-0: Ball
1-0: Ball
2-0: Foul Ball, location: 3FF
2-1: Ball
3-1: Foul Ball, location: 3SF
3-2: Foul Ball, location: 2F
3-2: Foul Ball, location: 3SF
3-2: Strikes out swinging
Batting: RHB Dan Shannon 0-0: Called Strike
0-1: Foul Ball, location: 25FF
0-2: Fly out, F6 (Popup, 15, EV 83.1 MPH)
Bottom of the 2nd over - 0 runs, 0 hits, 0 errors, 1 left on base; Memphis 3 - Fresno 1
TOP OF THE 3RD
Memphis Redbirds batting - Pitching for Fresno Grizzlies : RHP Kyle Benites
Batting: LHB Jonathan Steben 0-0: Foul Ball, location: 3DF
0-1: Ball
1-1: Ball
2-1: SINGLE (Flyball, 78S, EV 87.5 MPH)
Batting: RHB Danny Gonzalez 0-0: SINGLE (Line Drive, 8RS, EV 105.0 MPH)
Jonathan Steben to second
Pitching: LHP Brian Thompson
Batting: LHB Willie Martinez 0-0: SINGLE (Groundball, 6D, EV 96.3 MPH)
Jonathan Steben to third
Danny Gonzalez to second
Runner from 3rd tries for Home, SAFE, throw by CF to home
Batting: RHB Chris Benson 0-0: Fly out, F7 (Flyball, 7S, EV 85.0 MPH)
Batting: RHB Nate Argo 0-0: Called Strike
0-1: Fly out, F8 (Flyball, 8LD, EV 106.9 MPH)
Batting: LHB Alex Santiago 0-0: Swinging Strike
0-1: Ball
1-1: Swinging Strike
1-2: SINGLE (Line Drive, 4D, EV 97.5 MPH)
Danny Gonzalez to third
Willie Martinez to second
Batting: RHB Jose Santiago 0-0: Foul Ball, location: 9LMF
0-1: Ball
1-1: Called Strike
1-2: Foul Ball, location: 9LMF
1-2: Fly out, F8 (Flyball, 8RD, EV 100.0 MPH)
Top of the 3rd over - 1 run, 4 hits, 0 errors, 3 left on base; Memphis 4 - Fresno 1
BOTTOM OF THE 3RD
Fresno Grizzlies batting - Pitching for Memphis Redbirds : RHP Hector Gordillo
Batting: RHB Del Bannerman 0-0: Foul Ball, location: 2F
0-1: Foul Ball, location: 2F
0-2: Foul Ball, location: 2F
0-2: Strikes out swinging
Batting: LHB Mike Palmer 0-0: Called Strike
0-1: Ball
1-1: SOLO HOME RUN (Flyball, 9LD, EV 93.1 MPH), Distance : 359 ft
Batting: RHB Tony Tenesaca 0-0: Foul Ball, location: 3SF
0-1: Foul Ball, location: 9LDF
0-2: Ball
1-2: Ball
2-2: Ground out 6-3 (Groundball, 6, EV 93.8 MPH)
Batting: LHB Dan Brockman 0-0: Ball
1-0: Swinging Strike
1-1: SINGLE (Groundball, 56D, EV 96.3 MPH)
Batting: RHB Justin Haug 0-0: Ball
1-0: Fly out, F7 (Flyball, 78S, EV 86.9 MPH)
Bottom of the 3rd over - 1 run, 2 hits, 0 errors, 1 left on base; Memphis 4 - Fresno 2
TOP OF THE 4TH
Memphis Redbirds batting - Pitching for Fresno Grizzlies : LHP Brian Thompson
Batting: LHB David Cessor 0-0: Swinging Strike
0-1: Foul Ball, location: 7LSF
0-2: Strikes out looking
Batting: LHB Jimmy Goldberg 0-0: Ball
1-0: Ball
2-0: Called Strike
2-1: Ball
3-1: Foul Ball, location: 7LSF
3-2: Foul Ball, location: 2F
3-2: Ground out 6-3 (Groundball, 6M, EV 108.8 MPH)
Batting: LHB Jonathan Steben 0-0: Called Strike
0-1: Foul Ball, location: 3F
0-2: Strikes out looking
Top of the 4th over - 0 runs, 0 hits, 0 errors, 0 left on base; Memphis 4 - Fresno 2
BOTTOM OF THE 4TH
Fresno Grizzlies batting - Pitching for Memphis Redbirds : RHP Hector Gordillo
Batting: SHB Jason Pierce 0-0: Foul Ball, location: 25F
0-1: Foul Ball, location: 9LDF
0-2: Foul Ball, location: 2F
0-2: Foul Ball, location: 9LDF
0-2: Ball
1-2: Strikes out swinging
Batting: RHB Chase Bavaro 0-0: Ball
1-0: Foul Ball, location: 2F
1-1: Ground out 4-3 (Groundball, 4, EV 81.9 MPH)
Batting: RHB Michael Harrison 0-0: Foul Ball, location: 3F
0-1: Fly out, F6 (Popup, 6D, EV 68.1 MPH)
Bottom of the 4th over - 0 runs, 0 hits, 0 errors, 0 left on base; Memphis 4 - Fresno 2
TOP OF THE 5TH
Memphis Redbirds batting - Pitching for Fresno Grizzlies : LHP Brian Thompson
Batting: RHB Danny Gonzalez 0-0: Foul Ball, location: 2F
0-1: Swinging Strike
0-2: Hit by Pitch
Batting: LHB Willie Martinez 0-0: Called Strike
0-1: Ball
1-1: Grounds into double play, 5-4-3 (Groundball, 56, EV 102.5 MPH)
Batting: RHB Chris Benson 0-0: Ball
1-0: Foul Ball, location: 3SF
1-1: Foul Ball, location: 7LSFF
1-2: Hit by Pitch
Batting: RHB Nate Argo 0-0: Ball
1-0: Called Strike
1-1: Foul Ball, location: 9LSF
1-2: Ball
2-2: Foul Ball, location: 2F
2-2: Foul Ball, location: 5F
2-2: Ball
3-2: Ground out 6-3 (Groundball, 6D, EV 108.8 MPH)
Top of the 5th over - 0 runs, 0 hits, 0 errors, 1 left on base; Memphis 4 - Fresno 2
BOTTOM OF THE 5TH
Fresno Grizzlies batting - Pitching for Memphis Redbirds : RHP Hector Gordillo
Batting: RHB Dan Shannon 0-0: Swinging Strike
0-1: Called Strike
0-2: Ball
1-2: Strikes out swinging
Batting: RHB Del Bannerman 0-0: Ground out 6-3 (Groundball, 6, EV 83.1 MPH)
Batting: LHB Mike Palmer 0-0: Foul Ball, location: 5F
0-1: Fly out, F8 (Line Drive, 8LD, EV 91.3 MPH)
Bottom of the 5th over - 0 runs, 0 hits, 0 errors, 0 left on base; Memphis 4 - Fresno 2
TOP OF THE 6TH
Memphis Redbirds batting - Pitching for Fresno Grizzlies : LHP Brian Thompson
Batting: LHB Alex Santiago 0-0: Called Strike
0-1: Foul Ball, location: 2F
0-2: Ball
1-2: Fly out, F7 (Line Drive, 7S, EV 91.9 MPH)
Batting: RHB Jose Santiago 0-0: Ground out 1-3 (Groundball, 34S, EV 68.8 MPH)
Batting: LHB David Cessor 0-0: Ground out 6-3 (Groundball, 6, EV 103.8 MPH)
Top of the 6th over - 0 runs, 0 hits, 0 errors, 0 left on base; Memphis 4 - Fresno 2
BOTTOM OF THE 6TH
Fresno Grizzlies batting - Pitching for Memphis Redbirds : RHP Hector Gordillo
Batting: RHB Tony Tenesaca 0-0: Fly out, F7 (Flyball, 7, EV 88.1 MPH)
Batting: LHB Dan Brockman 0-0: Called Strike
0-1: Foul Ball, location: 7LDF
0-2: Ball
1-2: Strikes out swinging
Batting: RHB Justin Haug 0-0: Ball
1-0: Foul Ball, location: 2F
1-1: Ball
2-1: Foul Ball, location: 7LSF
2-2: Foul Ball, location: 9LSF
2-2: DOUBLE (Flyball, 8RXD, EV 107.5 MPH)
Batting: SHB Jason Pierce 0-0: Ball
1-0: Ball
2-0: Ball
3-0: Called Strike
3-1: Called Strike
3-2: Ground out 6-3 (Groundball, 6M, EV 81.9 MPH)
Bottom of the 6th over - 0 runs, 1 hit, 0 errors, 1 left on base; Memphis 4 - Fresno 2
TOP OF THE 7TH
Memphis Redbirds batting - Pitching for Fresno Grizzlies : LHP Brian Thompson
Batting: LHB Jimmy Goldberg 0-0: Ground out U3 (Groundball, 3L, EV 103.1 MPH)
Batting: LHB Jonathan Steben 0-0: Foul Ball, location: 2RF
0-1: Called Strike
0-2: Ball
1-2: Ball
2-2: Ground out 6-3 (Groundball, 6, EV 88.1 MPH)
Batting: RHB Danny Gonzalez 0-0: Ball
1-0: Foul Ball, location: 9LSF
1-1: Foul Ball, location: 9LDF
1-2: Ball
2-2: Ball
3-2: Foul Ball, location: 23FF
3-2: Foul Ball, location: 5F
3-2: Ground out U3 (Groundball, 3L, EV 85.0 MPH)
Top of the 7th over - 0 runs, 0 hits, 0 errors, 0 left on base; Memphis 4 - Fresno 2
BOTTOM OF THE 7TH
Fresno Grizzlies batting - Pitching for Memphis Redbirds : RHP Hector Gordillo
Batting: RHB Chase Bavaro 0-0: Ball
1-0: Called Strike
1-1: Fly out, F4 (Popup, 4, EV 77.5 MPH)
Batting: RHB Michael Harrison 0-0: Called Strike
0-1: SINGLE (Line Drive, 89S, EV 90.0 MPH)
Pitching: RHP Jon Simmons
Batting: RHB Dan Shannon 0-0: Ball
1-0: Called Strike
1-1: Swinging Strike
1-2: Strikes out swinging
Batting: RHB Del Bannerman 0-0: Ball
1-0: Fielders Choice at 2nd, 5-4 (Groundball, 56, EV 80.6 MPH)
Bottom of the 7th over - 0 runs, 1 hit, 0 errors, 1 left on base; Memphis 4 - Fresno 2
TOP OF THE 8TH
Memphis Redbirds batting - Pitching for Fresno Grizzlies : LHP Brian Thompson
Batting: LHB Willie Martinez 0-0: Ball
1-0: DOUBLE (Line Drive, 89D, EV 104.4 MPH)
Pitching: LHP Rutger Michelle
Pinch Runner at 2nd Butch Ticknor:
Batting: RHB Chris Benson 0-0: Ground out 6-3 (Groundball, 6, EV 86.9 MPH)
Butch Ticknor to third
Batting: RHB Nate Argo 0-0: Ball
1-0: Ball
2-0: DOUBLE (Flyball, 9D, EV 93.1 MPH)
Butch Ticknor scores
Batting: LHB Alex Santiago 0-0: SINGLE (Line Drive, 8LS, EV 106.9 MPH)
Nate Argo to third
Batting: RHB Jose Santiago 0-0: Called Strike
0-1: Foul Ball, location: 9LDF
0-2: Ball
1-2: Ball
2-2: Foul Ball, location: 3SF
2-2: Foul Ball, location: 2F
2-2: Fly out, F4 (Line Drive, 4, EV 70.6 MPH)
Batting: LHB David Cessor 0-0: Foul Ball, location: 25F
0-1: Foul Ball, location: 3SF
0-2: Ball
1-2: Ball
Wild Pitch!
Nate Argo scores
Alex Santiago to second
2-2: Strikes out swinging
Top of the 8th over - 2 runs, 3 hits, 0 errors, 1 left on base; Memphis 6 - Fresno 2
BOTTOM OF THE 8TH
Fresno Grizzlies batting - Pitching for Memphis Redbirds : RHP Jon Simmons
Now at SS: Tim Zirkle
Batting: LHB Mike Palmer 0-0: Foul Ball, location: 2F
0-1: Ball
1-1: Ball
2-1: Foul Ball, location: 2F
2-2: Foul Ball, location: 7LMF
2-2: Foul Ball, location: 2F
2-2: Strikes out swinging
Batting: RHB Tony Tenesaca 0-0: Foul Ball, location: 5FF
0-1: Foul Ball, location: 9LSF
0-2: SINGLE (Line Drive, 6MD, EV 98.8 MPH)
Batting: LHB Dan Brockman 0-0: Called Strike
0-1: Swinging Strike
0-2: Strikes out looking
Batting: RHB Justin Haug 0-0: Ball
1-0: Foul Ball, location: 2F
1-1: Called Strike
1-2: Ball
2-2: Fly out, F4 (Popup, 4M, EV 62.5 MPH)
Bottom of the 8th over - 0 runs, 1 hit, 0 errors, 1 left on base; Memphis 6 - Fresno 2
TOP OF THE 9TH
Memphis Redbirds batting - Pitching for Fresno Grizzlies : LHP Rutger Michelle
Pinch Hitting: RHB Benito Ovalle 0-0: Ball
1-0: Ball
2-0: Swinging Strike
2-1: Ball
3-1: Fly out, F7 (Flyball, 7D, EV 103.8 MPH)
Batting: LHB Jonathan Steben 0-0: Ball
1-0: Ball
2-0: Foul Ball, location: 7LSF
2-1: Ball
3-1: Called Strike
3-2: Fly out, F8 (Flyball, 89D, EV 82.5 MPH)
Batting: RHB Danny Gonzalez 0-0: Ball
1-0: Called Strike
1-1: Called Strike
1-2: Foul Ball, location: 5FF
1-2: Foul Ball, location: 2LF
1-2: Ball
2-2: SINGLE (Line Drive, 34, EV 105.6 MPH)
Batting: RHB Tim Zirkle 0-0: Ball
1-0: Foul Ball, location: 9LMF
1-1: Called Strike
1-2: Ball
2-2: DOUBLE (Line Drive, 3D, EV 98.1 MPH)
Danny Gonzalez to third
Runner from 3rd tries for Home, SAFE, throw by RF to trailing runner, SAFE at third!
Batting: RHB Chris Benson 0-0: Called Strike
0-1: Swinging Strike
0-2: Ball
1-2: Foul Ball, location: 2F
1-2: Strikes out swinging
Top of the 9th over - 1 run, 2 hits, 0 errors, 1 left on base; Memphis 7 - Fresno 2
BOTTOM OF THE 9TH
Fresno Grizzlies batting - Pitching for Memphis Redbirds : RHP Jon Simmons
Now in CF: Jamie Mertens
Batting: SHB Jason Pierce 0-0: Ball
1-0: Called Strike
1-1: SINGLE (Line Drive, 7LS, EV 106.9 MPH)
Pinch Hitting: LHB Tim Kramer 0-0: Called Strike
0-1: Ball
1-1: Swinging Strike
1-2: SINGLE (Groundball, 6D, EV 110.0 MPH)
Jason Pierce to second
Pitching: LHP Bill Reed
Pinch Hitting: RHB Bret Payne 0-0: Ball
1-0: Ball
2-0: DOUBLE (Line Drive, 7LS, EV 98.8 MPH)
Jason Pierce scores
Tim Kramer to third
Batting: RHB Dan Shannon 0-0: Fly out, F8 (Flyball, 8LXD, EV 93.8 MPH)
Runner from 3rd tags up, SCORES, no throw by CF
Bret Payne to third
Batting: RHB Del Bannerman 0-0: Called Strike
0-1: SINGLE (Line Drive, 8RS, EV 88.8 MPH)
Bret Payne scores
Batting: RHB Steve Bracken 0-0: Swinging Strike
0-1: Ball
1-1: Ball
2-1: Grounds into double play, 5-4-3 (Groundball, 5S, EV 90.6 MPH)
Bottom of the 9th over - 3 runs, 4 hits, 0 errors, 0 left on base; Memphis 7 - Fresno 5
Thursday, April 11th , 2024 - OOTP Baseball 24.11 Build 85